 Dungeon Sprint DCSS version 0.21.0-25-ge575cb9 (webtiles) character file.

168 wojtek the Cleaver (level 5, -30/51 HPs)
             Began as a Minotaur Berserker on Jan 27, 2018.
             Was an Elder of Trog.
             Killed from afar by a deep elf mage (38 damage)
             ... with a shard of ice
             ... in the Dungeon (Sprint III: "The Ten Rune Challenge").
             The game lasted 00:01:01 (382 turns).

wojtek the Cleaver (Minotaur Berserker)              Turns: 382, Time: 00:01:01

Health: -30/51     AC:  2    Str: 22    XL:     5   Next: 23%
Magic:  4/4        EV: 14    Int:  4    God:    Trog [****..]
Gold:   25         SH:  0    Dex: 10    Spells: 4/4 levels left

rFire    . . .     SeeInvis .   a - +0 hand axe
rCold    . . .     Gourm    .   (no shield)
rNeg     . . .     Faith    .   b - +0 animal skin
rPois    .         Spirit   .   (helmet restricted)
rElec    .         Reflect  .   (no cloak)
rCorr    .         Harm     .   (no gloves)
MR       .....     NoTele   +   (no boots)
Stlth    +.........             (no amulet)
HPRegen  0.17/turn              (no ring)
MPRegen  0.09/turn              (no ring)

@: no status effects
A: retaliatory headbutt, horns 2
a: Berserk, Trog's Hand, Brothers in Arms, Burn Spellbooks, Renounce Religion


You were in the Dungeon.
You worshipped Trog.
Trog was greatly pleased with you.
You were very hungry.

You visited 1 branch You collected 25 gold pieces.

Inventory:

Hand Weapons
 a - a +0 hand axe (weapon)
Armour
 b - a +0 animal skin (worn)
Scrolls
 i - a scroll of blinking
 k - a scroll of fear {unknown}
 l - a scroll of torment {unknown}
 m - 3 scrolls of identify
 n - 2 scrolls of remove curse {unknown}
 p - a scroll of immolation {unknown}
Potions
 d - a potion of curing
 e - a potion of heal wounds
 f - a potion of haste
 g - 2 potions of magic
 h - a potion of berserk rage
 o - 4 potions of flight
 q - 4 potions of mutation
Comestibles
 c - 3 rations


   Skills:
 + Level 6.8 Fighting
 * Level 8.9 Axes
 + Level 6.1 Armour
 + Level 5.6 Dodging


You had 4 spell levels left.
You didn't know any spells.

Dungeon Overview and Level Annotations

Branches:
Dungeon (1/1)

Altars:
Elyvilon
Kikubaaqudgha
Sif Muna
Vehumet
Zin
The Shining One


Innate Abilities, Weirdness & Mutations

You reflexively headbutt those who attack you in melee.
You have a pair of horns on your head.


Message History

* * * LOW HITPOINT WARNING * * *
You miss the deep elf mage.
The deep elf mage is almost dead.
The deep elf mage gestures at you while chanting.
The shard of ice misses you.
You hit the deep elf mage.
The deep elf mage is almost dead.
The deep elf mage hits you with a long sword of holy wrath.
* * * LOW HITPOINT WARNING * * *
You closely miss the deep elf mage. You headbutt the deep elf mage.
The deep elf mage is almost dead.
You closely miss the deep elf mage. Your headbutt misses the deep elf mage.
The deep elf mage is almost dead.
The deep elf mage drinks a potion.
The deep elf mage is healed!
You closely miss the deep elf mage. Your headbutt misses the deep elf mage.
The deep elf mage is moderately wounded.
The deep elf mage gestures at you while chanting.
The shard of ice hits you!
Ouch! That really hurt!
You die...

▓▓▓▓▓▓ ▓▓▓ .#...####
##.#####
.#......#####..#___#
##.....÷.#..#..#...#
.##.##...#..#..###'#+###+
.##.###..##'#..#..........
####.##..###...e@⌠........
##..##.[####...#...######+
....##..###....#.⌠.#
#..##...##.....#...#
..##....#......#'###
.###..##.#.....#.).# .#
#..#####....#___# ▓▓ ▓▓▓▓
▓▓▓▓▓▓▓▓▓▓


You could see a deep elf mage.

Vanquished Creatures
  A water elemental (D)
  Jessica (D)
  A wizard (D)
  A human (D)
  A kobold demonologist (D)
  A wolf (D)
  An ooze (D)
  2 rats (D)
9 creatures vanquished.

Vanquished Creatures (others)
  2 draconian scorchers (D)
  6 hellions (D)
  A yaktaur (D)
  3 plants (D)
12 creatures vanquished.

Grand Total: 21 creatures vanquished

Notes
Turn   | Place    | Note
-------+----------+-------------------------------------------
     0 | D        | wojtek the Minotaur Berserker began the quest for the Orb.
     0 | D        | Reached XP level 1. HP: 19/19 MP: 0/0
    11 | D        | Reached skill level 4 in Axes
    25 | D        | Reached ** piety under Trog
    39 | D        | Noticed Jessica
    43 | D        | Killed Jessica
    43 | D        | Reached skill level 5 in Axes
    43 | D        | Reached XP level 2. HP: 23/28 MP: 1/1
    43 | D        | Reached XP level 3. HP: 29/35 MP: 2/2
    86 | D        | Reached skill level 5 in Fighting
    86 | D        | Reached skill level 6 in Axes
    89 | D        | Reached *** piety under Trog
    99 | D        | Killed a hellion
   104 | D        | Killed a yaktaur
   116 | D        | Killed a hellion
   116 | D        | Killed a hellion
   134 | D        | Noticed a water elemental
   140 | D        | Killed a water elemental
   140 | D        | Reached skill level 8 in Axes
   140 | D        | Reached skill level 5 in Armour
   140 | D        | Reached skill level 5 in Dodging
   140 | D        | Reached XP level 4. HP: 29/44 MP: 3/3
   149 | D        | Killed a hellion
   153 | D        | Killed a white draconian scorcher
   170 | D        | Killed a white draconian scorcher
   210 | D        | Killed a hellion
   211 | D        | Killed a hellion
   299 | D        | Found a radiant altar of Vehumet.
   300 | D        | Found a deep blue altar of Sif Muna.
   300 | D        | Found an ancient bone altar of Kikubaaqudgha.
   300 | D        | Noticed a wizard
   301 | D        | Noticed a chaos spawn
   302 | D        | Killed a wizard
   302 | D        | Reached XP level 5. HP: 51/51 MP: 4/4
   309 | D        | Reached **** piety under Trog
   363 | D        | Found a glowing silver altar of Zin.
   364 | D        | Found a glowing golden altar of the Shining One.
   364 | D        | Found a white marble altar of Elyvilon.
   364 | D        | Noticed a deep elf mage
   382 | D        | Killed from afar by a deep elf mage

Skill      XL: |  1  2  3  4  5 |
---------------+----------------+-----
Fighting       | 4 6 |  6.8
Axes           | 5 8 |  8.9
Armour         | 4 5 6 |  6.1
Dodging        | 3 5 |  5.6

Action                   |  1- 3 |  4- 6 || total
-------------------------+-------+-------++-------
Melee: Hand axe          |    16 |    19 ||    35
       Headbutt          |     3 |     2 ||     5
Invok: Berserk           |     2 |     1 ||     3
       Burn Spellbooks   |       |     1 ||     1
 Stab: Sleeping          |     1 |       ||     1
Armor: Animal skin       |     2 |       ||     2
Dodge: Dodged            |     6 |     9 ||    15
